Map: White Rabbit LE

Players

HoldTheDoor - Winner!

  • Race: Protoss Protoss
  • League: Diamond
  • Spawn Location: 1:00

GTRON

  • Race: Zerg Zerg
  • League: Diamond
  • Spawn Location: 7:00

VOD

Have the link to the VOD?

Description

Time

  • Played on: May 18, 2026, 12:06 p.m.
  • Length: 7:26
Show
View Real Time Build Order
Export as new Build Order

HoldTheDoor Protoss - Winner!

Build Orders:  

Get SALT Encoding   

  12  0:00  Probe  
  13  0:12  Probe  
  14  0:18  Pylon  
  14  0:24  Probe  
  15  0:32  Probe  
  15  0:40  Gateway, Probe  
  16  0:49  Assimilator  
  17  0:54  Probe  
  18  1:09  Forge  
  18  1:11  Probe  
  19  1:23  Probe  
  20  1:32  Cybernetics Core  
  20  1:42  Photon Cannon  
  20  1:44  Zealot  
  20  1:47  Probe  
  23  2:04  Pylon  
  23  2:20  Stalker  
  23  2:22  Probe  
  24  2:23  Nexus  
  26  2:31  Warp Gate  
  26  2:38  Probe  
  26  2:42  Stalker  
  29  2:55  Shield Battery  
  29  2:57  Shield Battery  
  29  3:11  Probe  
  30  3:26  Probe  
  31  3:38  Probe x2  
  33  3:49  Robotics Facility  
  33  3:50  Probe  
  33  3:52  Probe  
  36  4:02  Probe  
  36  4:07  Gateway  
  36  4:10  Gateway  
  36  4:12  Gateway  
  36  4:13  Probe  
  36  4:15  Probe, Pylon  
  38  4:26  Warp Prism  
  38  4:31  Stalker  
  42  4:43  Gateway  
  42  4:47  Gateway  
  42  4:50  Gateway  
  42  4:51  Gateway  
  42  4:55  Stalker  
  44  5:06  Pylon  
  44  5:08  Pylon  
  44  5:16  Stalker x3  
  44  5:19  Stalker  
  52  5:42  Stalker x3  
  58  5:43  Zealot x2  
  58  5:44  Zealot  
  58  5:48  Pylon  
  64  5:51  Pylon  
  64  5:54  Pylon  
  64  5:56  Zealot x2  
  68  6:09  Warp Prism  
  52  6:37  Stalker x2  
  52  6:38  Stalker  
  52  6:49  Stalker  
  52  6:51  Zealot x2  
  52  6:52  Zealot  
  58  7:12  Zealot x8  
Show
View Real Time Build Order
Export as new Build Order

GTRON Zerg 

Build Orders: Pool First 

Get SALT Encoding   

  12  0:03  Drone  
  13  0:08  Drone  
  13  0:13  Extractor  
  13  0:15  Drone  
  15  0:22  Overlord  
  15  0:38  Spawning Pool  
  15  0:42  Drone  
  15  0:46  Drone  
  15  0:49  Drone  
  17  0:58  Extractor  
  17  0:59  Drone  
  17  1:24  Hatchery  
  16  1:33  Zergling x6  
  19  1:45  Extractor  
  18  1:47  Zergling x2  
  19  1:57  Zergling x2, Queen  
  22  2:28  Hatchery  
  21  2:33  Drone  
  21  2:35  Overlord  
  22  2:39  Roach Warren  
  21  2:49  Drone  
  22  2:53  Drone  
  23  3:08  Drone x4  
  27  3:19  Hatchery  
  26  3:21  Metabolic Boost  
  26  3:23  Roach  
  28  3:29  Overlord  
  28  3:33  Overlord  
  28  3:41  Overlord  
  28  3:45  Overlord  
  28  3:51  Roach  
  30  3:56  Roach  
  32  4:03  Roach  
  32  4:07  Roach  
  36  4:10  Ravager  
  36  4:15  Zergling x6  
  40  4:24  Drone  
  40  4:25  Extractor  
  40  4:31  Drone  
  40  4:33  Queen  
  43  4:46  Queen  
  43  4:49  Drone  
  43  4:52  Drone  
  47  4:56  Ravager x2  
  47  4:59  Drone  
  50  5:02  Drone  
  51  5:08  Overlord  
  51  5:14  Overlord  
  51  5:21  Overlord  
  51  5:30  Roach x2  
  55  5:38  Ravager x2  
  55  5:40  Drone x2  
  59  5:44  Drone x2  
  61  5:53  Roach  
  61  5:54  Roach  
  65  5:57  Roach  
  67  6:10  Roach  
  67  6:11  Roach  
  59  6:16  Roach x2  
  59  6:17  Roach  
  58  6:23  Roach  
  58  6:24  Zergling x2  
  58  6:29  Zergling x2  
  50  6:37  Zergling x4  
  46  6:41  Drone  
  46  6:46  Zergling x2  
Tags
 
Matchup
PvZ
Opening
Pool First
Replay Pack
SC2Mai2026
Spawn Locations
Cross Positions
Add a new tag
Caveats
  • Supply blocks, unpowered buildings, or Contaminate may cause inaccurate times.
  • Supply counts are checked every 10 seconds.